 Dungeon Crawl Stone Soup version 0.31-a0-654-gbe3e110b4e (webtiles) character file.

Game seed: 8138876384690838333

928 thirtiethelement the Grave Robber (level 7, -4/51 HPs)
             Began as a Demonspawn Necromancer on Aug 29, 2023.
             Was an Initiate of Gozag.
             Slain by Duvessa
             ... wielding a +0 rapier
              (8 damage)
             ... on level 5 of the Dungeon.
             The game lasted 00:09:44 (3992 turns).

thirtiethelement the Grave Robber (DsNe)            Turns: 3992, Time: 00:09:44

Health: -4/51      AC:  8    Str:  8    XL:     7   Next: 85%
Magic:  0/12       EV: 12    Int: 19    God:    Gozag
Gold:   280        SH:  0    Dex: 13    Spells: 7/13 levels left

rFire   + . .        f - +4 trident
rCold   . . .        (no shield)
rNeg    + . .        h - +1 robe {rF+}
rPois   .            g - +1 helmet
rElec   .            (no cloak)
rCorr   .            (no gloves)
SInv    .            l - +0 pair of boots
Will    .....        (no amulet)
Stlth   ++           q - ring of positive energy
HPRegen 0.28/turn    (no ring)
MPRegen 0.13/turn

%: no passive effects
@: gold aura, very slightly contaminated
A: slimy green scales 1, demonic magic 1, weakness stinger 1
a: Renounce Religion, Potion Petition, Call Merchant, Bribe Branch


You were on level 5 of the Dungeon.
You worshipped Gozag.
Gozag was aware of your devotion.
You visited 1 branch of the dungeon, and saw 5 of its levels.

You collected 359 gold pieces.
You paid 79 gold pieces to Gozag.

Inventory:

Hand Weapons
 f - a +4 trident (weapon)
Missiles
 o - 13 boomerangs (quivered)
Armour
 g - a +1 helmet (worn)
 h - a +1 robe of fire resistance (worn)
 l - a +0 pair of boots (worn)
 t - a +0 chain mail of fire resistance
Jewellery
 q - a ring of positive energy (left hand)
 v - a ring of protection from fire
Wands
 d - a wand of mindburst (2)
 x - a wand of iceblast (8)
 y - a wand of flame (22)
Scrolls
 e - a scroll of vulnerability {unknown}
 i - 2 scrolls of enchant weapon {unknown}
 j - 3 scrolls of teleportation
 p - a scroll of noise {unknown}
 r - 2 scrolls of poison
 s - 2 scrolls of amnesia
Potions
 a - a potion of haste {unknown}
 b - a potion of magic
 k - a potion of might {unknown}
 m - a potion of curing {unknown}
 n - a potion of ambrosia {unknown}
 u - a potion of attraction {unknown}
 w - a potion of berserk rage {unknown}


   Skills:
 + Level 2.5 Fighting
 + Level 4.8 Polearms
 + Level 1.8 Armour
 + Level 2.4 Dodging
 + Level 2.9 Stealth
 + Level 3.9 Spellcasting
 + Level 5.7 Necromancy
 + Level 0.4 Evocations


You had 7 spell levels left.
You knew the following spells:

 Your Spells              Type           Power      Damage    Failure   Level
a - Necrotise             Necr           100%       1d9       1%          1
b - Vampiric Draining     Necr           25%        2d7       3%          3
c - Ensorcelled Hibernat  Hex/Ice        6%         N/A       22%         2

Your spell library contained the following spells:

 Spells                   Type           Power      Damage    Failure   Level
 Foxfire                  Conj/Fire      12%        2x1d4     14%         1
 Shock                    Conj/Air       12%        1d3       14%         1
 Summon Small Mammal      Summ           12%        N/A       14%         1
 Passwall                 Tmut/Erth      2%         N/A       22%         2
 Agony                    Necr           25%        N/A       34%         5
 Call Canine Familiar     Summ           3%         N/A       38%         3
 Summon Guardian Golem    Hex/Summ       3%         N/A       38%         3
 Swiftness                Air            3%         N/A       38%         3
 Airstrike                Air            1%         2d(1-17)  80%         4
 Plasma Beam              Fire/Air       1%         2x1d11    100%        6
 Starburst                Conj/Fire      1%         6d3       100%        6
 Animate Dead             Necr           Unusable   N/A       N/A         4

Dungeon Overview and Level Annotations

Branches:
Dungeon (5/15)
 Temple: D:4-7

Altars:
Ashenzari
Cheibriados
Dithmenos
Gozag
Uskayaw

Annotations:
D:5 Duvessa


Innate Abilities, Weirdness & Mutations

You are partially covered in slimy green scales. (AC +2)
Spells you cast may paralyse adjacent enemies.
You have a small tail.


Message History

You hit Duvessa.
Duvessa is lightly wounded.
The helpless Duvessa fails to defend herself.
You hit Duvessa.
Duvessa is moderately wounded.
The helpless Duvessa fails to defend herself.
You puncture Duvessa!
You tail-slap Duvessa, but do no damage.
Duvessa is moderately wounded.
Duvessa is no longer paralysed.
Duvessa hits you with a +0 rapier! x2
Casting: Vampiric Draining (dangerous; 3% risk of failure)
Confirm with . or Enter, or press ? or * to list all spells.
Aiming: Vampiric Draining (dangerous; 3% risk of failure)
Press: ? - help, Shift-Dir - straight line, f/p - Duvessa
Aim: Duvessa, wielding a +0 rapier and wearing a +0 chain mail (moderately wounded, berserk)
You miscast Vampiric Draining.
You are very lightly contaminated with residual magic.
Nothing appears to happen.
Duvessa closely misses you.
Casting: Vampiric Draining (dangerous; 3% risk of failure)
Confirm with . or Enter, or press ? or * to list all spells.
Aiming: Vampiric Draining (dangerous; 3% risk of failure)
Press: ? - help, Shift-Dir - straight line, f/p - Duvessa
Aim: Duvessa, wielding a +0 rapier and wearing a +0 chain mail (moderately wounded, berserk)
You draw life force from Duvessa.
You feel life coursing into your body. Malevolent energies surge around you.
Duvessa hits you with a +0 rapier! Duvessa closely misses you.
Casting: Vampiric Draining (dangerous; 3% risk of failure)
Confirm with . or Enter, or press ? or * to list all spells.
Aiming: Necrotise (safe; 1% risk of failure)
Press: ? - help, Shift-Dir - straight line, f/p - Duvessa
Aim: Duvessa, wielding a +0 rapier and wearing a +0 chain mail (heavily wounded, berserk, chance to affect: 70%) Duvessa struggles to resist.
Malevolent energies surge around you. Duvessa hits you with a +0 rapier!
* * * LOW HITPOINT WARNING * * *
Okay, then.
As you read the scroll of fear, it crumbles to dust.
You assume a fearsome visage.
Duvessa is unaffected.
Duvessa hits you with a +0 rapier!
You die...
Your body crumbles into a pile of gold.

######## #......#
######......#
##...........########
##..#...#............###
#..##...#.......@......#
..###...#..#####e##.##..
#####...##.# ...
........##.# +...#
........##.# #...#
........##.# +...#
........##. #⌠8⌠# #.....
##### .....


You could see Duvessa (berserk).

Vanquished Creatures
  Grinder (D:4)
  Sigmund (D:4)
  2 phantoms
  Dowan (D:5)
  2 hounds (D:4)
  2 orc priests (D:5)
  Natasha (twice) (D:2)
  9 adders
  2 worms (D:3)
  3 dart slugs
  9 orcs
  9 endoplasms
  2 giant cockroaches
  18 goblins
  5 hobgoblins
  6 kobolds
  3 quokkas
  3 ball pythons
  6 bats
  7 rats
93 creatures vanquished.

Vanquished Creatures (collateral kills)
  2 adders (D:3)
2 creatures vanquished.

Grand Total: 95 creatures vanquished

Notes
Turn   | Place    | Note
-------+----------+-------------------------------------------
     0 | D:1      | thirtiethelement the Demonspawn Necromancer began the quest
                  | for the Orb.
     0 | D:1      | Reached XP level 1. HP: 13/13 MP: 3/3
   219 | D:1      | Gained mutation: You have a small tail. [demonic ancestry]
   219 | D:1      | Reached XP level 2. HP: 15/19 MP: 0/5
   329 | D:1      | Reached skill level 5 in Necromancy
   531 | D:1      | Gained mutation: You are partially covered in slimy green
                  | scales. (AC +2) [demonic ancestry]
   531 | D:1      | Reached XP level 3. HP: 24/24 MP: 6/6
  1024 | D:2      | Noticed Natasha
  1031 | D:2      | Killed Natasha
  1032 | D:2      | Reached skill level 1 in Polearms
  1032 | D:2      | Reached XP level 4. HP: 31/31 MP: 0/7
  1036 | D:2      | Learned a level 3 spell: Vampiric Draining
  1060 | D:2      | Noticed Natasha
  1066 | D:2      | Killed Natasha
  1302 | D:2      | Learned a level 2 spell: Ensorcelled Hibernation
  1448 | D:3      | Found a faded altar of an unknown god.
  1576 | D:3      | Reached XP level 5. HP: 30/36 MP: 7/9
  1881 | D:3      | Reached skill level 1 in Fighting
  2701 | D:4      | Noticed a phantom
  2717 | D:4      | Killed a phantom
  2718 | D:4      | Reached skill level 1 in Armour
  2718 | D:4      | Reached XP level 6. HP: 37/43 MP: 10/10
  2760 | D:4      | Noticed Sigmund
  2774 | D:4      | Killed Sigmund
  2936 | D:4      | Found a broken altar of Ashenzari.
  2939 | D:4      | Found an opulent altar of Gozag.
  2942 | D:4      | Found a snail-covered altar of Cheibriados.
  2945 | D:4      | Found a shadowy altar of Dithmenos.
  2952 | D:4      | Became a worshipper of Gozag Ym Sagoz the Greedy
  3365 | D:4      | Gained mutation: Spells you cast may paralyse adjacent
                  | enemies. [demonic ancestry]
  3365 | D:4      | Reached XP level 7. HP: 48/50 MP: 12/12
  3489 | D:5      | Entered Level 5 of the Dungeon
  3489 | D:5      | Noticed Grinder
  3537 | D:4      | Paralysed by Grinder for 4 turns
  3549 | D:4      | Paralysed by Grinder for 5 turns
  3559 | D:4      | Killed Grinder
  3726 | D:5      | Noticed a +0 hand axe
  3728 | D:5      | Noticed a +0 dagger
  3730 | D:5      | Found a hide-covered altar of Uskayaw.
  3978 | D:5      | Noticed Duvessa
  3978 | D:5      | Noticed Dowan
  3982 | D:5      | Killed Dowan
  3992 | D:5      | Slain by Duvessa

Illustrated notes

Levels and vault maps discovered:
D:1:      sevenhm_arrival_forest_fort_small_6, layout_basic, minmay_3d_cube
D:2:      cheibrodos_greedy_goblins, layout_rooms, minmay_between, uniq_natasha
D:3:      layout_basic, mainiacjoe_overflow_24_doors,
          nicolae_ecumenical_pavilion, nicolae_half_adder
D:4:      layout_cave_pods, grunt_temple_overflow_cloverleaf, uniq_sigmund
D:5:      dreamdust_elfheim, layout_basic, dancing_weapons_uskayaw,
          ebering_ghost_sewer_d, nrook_loot_triangle, uniq_grinder

Skill      XL: |  1  2  3  4  5  6  7 |
---------------+----------------------+-----
Necromancy     | 5 |  5.7
Polearms       | 1 3 4 |  4.8
Stealth        | 2 |  2.9
Fighting       | 1 2 |  2.5
Spellcasting   | 3 |  3.9
Dodging        | 2 |  2.4
Armour         | 1 |  1.8
Evocations     | |  0.4

Action                     |  1- 3 |  4- 6 |  7- 9 || total
---------------------------+-------+-------+-------++-------
  Melee: Trident           |    61 |   117 |    59 ||   237
         Tailslap          |     2 |    10 |     5 ||    17
         Punch             |       |     2 |     2 ||     4
  Throw: Boomerang         |       |     2 |       ||     2
   Cast: Necrotise         |    17 |    20 |     4 ||    41
         Ensorcelled Hiber |       |     1 |       ||     1
         Vampiric Draining |       |     3 |     6 ||     9
  Evoke: Wand              |       |       |     3 ||     3
    Use: Scroll            |       |     5 |     1 ||     6
   Stab: Sleeping          |     5 |     2 |     1 ||     8
         Paralysed         |       |       |    10 ||    10
 Armour: Robe              |    12 |     6 |    16 ||    34
         Leather armour    |    22 |    31 |       ||    53
  Dodge: Dodged            |    29 |    62 |    20 ||   111

Table legend: (Time is in decaauts)
 A = Elapsed time spent in this place.
 B = Non-inter-level travel time spent in this place.
 C = Inter-level travel time spent in this place.
 D = Time resting spent in this place.
 E = Time spent auto-exploring this place.
 F = Levels seen in this place.
 G = Mean time per level.
                   A        B        C        D        E       F      G
               +--------+--------+--------+--------+--------+-----+--------+
         Total |   4037 |   3877 |    160 |    251 |   2869 |   5 |  807.4 |
       Dungeon |   4037 |   3877 |    160 |    251 |   2869 |   5 |  807.4 |
               +--------+--------+--------+--------+--------+-----+--------+

Top non-repeatable levels by time:
     D:3: 1256 daAuts
     D:4: 957 daAuts
     D:1: 896 daAuts
     D:2: 573 daAuts
     D:5: 353 daAuts
